 Dungeon Crawl Stone Soup version 0.26.1-10-gdfb7c7de75 (webtiles) character file.

Game seed: 389615039106210736

144 Revguard the Skirmisher (level 5, 0/33 HPs)
             Began as a Gargoyle Fighter on Apr 5, 2021.
             Killed by nerve-wracking pain
             ... invoked by an orc priest
              (5 damage)
             ... on level 3 of the Dungeon.
             The game lasted 00:07:20 (2243 turns).

Revguard the Skirmisher (Gargoyle Fighter)          Turns: 2243, Time: 00:07:20

Health: 0/33       AC: 15    Str: 20    XL:     5   Next: 26%
Magic:  14/14      EV:  5    Int:  8    God:
Gold:   193        SH: 10    Dex: 10    Spells: 4/4 levels left

rFire    + . .     SeeInvis .   a - +1 war axe
rCold    + . .     Faith    .   c - +1 kite shield
rNeg     + . .     Spirit   .   e - +0 chain mail
rPois    ∞         Reflect  .   g - +0 helmet (curse)
rElec    +         Harm     .   (no cloak)
rCorr    +         Rampage  .   (no gloves)
Will     .....                  q - +0 pair of boots
Stlth    ..........             (no amulet)
HPRegen  0.11/turn              f - ring of magical power
MPRegen  0.14/turn              (no ring)

@: resistant
A: negative energy resistance 1, electricity resistance, unbreathing,
petrification resistance, miasma immunity, AC +4
a: no special abilities


You were on level 3 of the Dungeon.
You visited 1 branch of the dungeon, and saw 3 of its levels.

You collected 193 gold pieces.

Inventory:

Hand Weapons
 a - a +1 war axe (weapon)
Armour
 c - a +1 kite shield (worn)
 e - a +0 chain mail (worn)
 g - a cursed +0 helmet (worn)
 q - a +0 pair of boots (worn)
Jewellery
 f - a ring of magical power (left hand)
Wands
 l - a wand of random effects (13)
Scrolls
 b - a scroll of teleportation
 j - 2 scrolls of remove curse
 k - a scroll of enchant armour
 m - a scroll of identify
 o - a scroll of blinking {unknown}
Potions
 d - a potion of might
 h - a potion of cancellation {unknown}
 i - 2 potions of haste
 p - a potion of curing {unknown}


   Skills:
 + Level 4.1 Fighting
 + Level 3.2 Axes
 + Level 3.9 Armour
 + Level 0.4 Dodging
 + Level 3.9 Shields
 * Level 0.7 Evocations


You had 4 spell levels left.
You didn't know any spells.
Your spell library was empty.

Dungeon Overview and Level Annotations

Branches:
Dungeon (3/15)

Altars:


Innate Abilities, Weirdness & Mutations

You are resistant to torment.
Your stone body is resilient. (AC +4)
You are immune to poison.
You resist negative energy. (rN+)
You are resistant to electric shocks. (rElec)
You can survive without breathing.
You are immune to petrification.
You are immune to miasma.


Message History

The worm bites you but does no damage. You block the orc's attack.
Okay, then.
You closely miss the orc priest.
The orc priest is lightly wounded.
You hit the orc.
Your chain mail prevents you from hitting the worm.
The orc priest hits you but does no damage.
The orc hits you but does no damage. The worm bites you but does no damage.
You block the orc priest's attack.
You hit the orc priest.
The orc priest is heavily wounded.
You barely miss the worm. You closely miss the orc.
You block the orc priest's attack. The worm bites you.
* * * LOW HITPOINT WARNING * * *
Unknown command.
It was a potion of resistance.
You feel protected.
The orc priest calls down the wrath of Beogh upon you.
Pain shoots through your body!
You die...

.##+## .....# .. ...
.....## #. .. †.....#
#.##..## ......# #.#..
.# ......# #.#.##[#
......#.#####.#....#####
.#....#.......$..o......
......# ######.†@o......
......# #.......ow......
#.....###.####..........
###.....>.#.............
###.....>...............
.........####.#####.####
.........# #... .#
.........## #..... .#
..........#.........


You could see a worm, an orc priest and 2 orcs.

Vanquished Creatures
  Jessica (D:3)
  Terence (D:2)
  An adder (D:3)
  2 oozes (D:1)
  3 worms (D:2)
  3 dart slugs
  3 leopard geckos
  An orc (D:3)
  2 ball pythons
  2 giant cockroaches (D:2)
  5 goblins
  3 hobgoblins
  A quokka (D:2)
  11 bats
  3 frilled lizards
  8 kobolds
  12 rats
62 creatures vanquished.

Notes
Turn   | Place    | Note
-------+----------+-------------------------------------------
     0 | D:1      | Revguard the Gargoyle Fighter began the quest for the Orb.
     0 | D:1      | Reached XP level 1. HP: 14/14 MP: 1/1
   255 | D:1      | Reached XP level 2. HP: 19/19 MP: 2/2
   623 | D:1      | Reached XP level 3. HP: 17/23 MP: 3/3
  1428 | D:2      | Noticed Terence
  1438 | D:2      | Killed Terence
  1439 | D:2      | Reached XP level 4. HP: 22/29 MP: 4/4
  1617 | D:2      | Reached skill level 4 in Fighting
  2153 | D:3      | Noticed Jessica
  2163 | D:3      | Killed Jessica
  2164 | D:3      | Reached XP level 5. HP: 33/33 MP: 5/5
  2243 | D:3      | Killed from afar by an orc priest

Illustrated notes

Levels and vault maps discovered:
D:1:      lightli_iron_boxes, layout_basic
D:2:      layout_loops_ring, st_stairs_2, uniq_terence
D:3:      layout_basic, uniq_jessica

Skill      XL: |  1  2  3  4 |
---------------+-------------+-----
Axes           | 2 3 |  3.2
Fighting       | 4 |  4.1
Armour         | |  3.9
Dodging        | |  0.4
Shields        | |  3.9
Evocations     | |  0.7

Action                   |  1- 3 |  4- 6 || total
-------------------------+-------+-------++-------
Melee: War axe           |   109 |   102 ||   211
  Use: Scroll            |     4 |     1 ||     5
       Potion            |     1 |     1 ||     2
Armor: Scale mail        |    42 |       ||    42
       Chain mail        |    37 |    91 ||   128
Dodge: Dodged            |    28 |    32 ||    60
Block: Kite shield       |    55 |    82 ||   137
